Map: Dragon Scales LE

Players

winzboy - Winner!

  • Race: Protoss Protoss
  • Spawn Location: 11:00

VOD

Have the link to the VOD?

Description

Time

  • Played on: May 17, 2023, 3:39 a.m.
  • Length: 21:39
Show
View Real Time Build Order
Export as new Build Order

winzboy Protoss - Winner!

Build Orders:  

Get SALT Encoding   

  12  0:18  Probe (Chrono Boost)  
  13  0:36  Probe (Chrono Boost)  
  14  0:59  Pylon  
  15  1:01  Probe (Chrono Boost)  
  15  1:26  Probe (Chrono Boost)  
  16  1:43  Probe (Chrono Boost)  
  17  2:00  Gateway  
  17  2:07  Assimilator  
  17  2:24  Probe (Chrono Boost)  
  18  2:48  Nexus  
  19  2:50  Probe (Chrono Boost)  
  19  3:14  Probe (Chrono Boost)  
  20  4:05  Cybernetics Core  
  20  4:19  Assimilator  
  21  4:22  Probe (Chrono Boost)  
  21  4:25  Pylon  
  21  4:57  Probe (Chrono Boost)  
  21  5:05  Probe (Chrono Boost)  
  23  5:13  Probe (Chrono Boost)  
  25  5:21  Probe (Chrono Boost)  
  25  5:28  Probe (Chrono Boost)  
  26  5:36  Probe  
  27  6:27  Warp Gate (Chrono Boost)  
  27  6:36  Probe x2  
  29  6:52  Forge  
  29  7:23  Shield Battery  
  29  7:25  Probe x2  
  31  7:31  Pylon  
  31  7:35  Pylon  
  31  7:38  Assimilator  
  31  7:40  Adept  
  31  7:42  Assimilator  
  33  8:04  Gateway  
  33  8:07  Gateway  
  33  8:08  Gateway  
  33  8:16  Adept  
  35  8:23  Probe  
  36  8:35  Probe  
  37  8:40  Probe  
  37  8:49  Stalker  
  40  8:51  Probe  
  40  8:57  Probe  
  42  9:08  Probe  
  43  9:13  Probe  
  44  9:25  Probe  
  45  9:30  Probe  
  45  9:38  Stalker  
  45  9:39  Stalker  
  50  9:41  Stalker  
  50  9:42  Probe  
  50  9:47  Probe  
  54  9:56  Pylon  
  54  9:59  Probe  
  55  10:00  Pylon  
  55  10:04  Probe  
  55  10:07  Pylon  
  56  10:23  Forge  
  56  10:32  Robotics Facility  
  56  10:35  Probe x2  
  58  11:09  Pylon  
  58  11:12  Pylon  
  58  11:23  Probe x2  
  58  11:27  Gateway  
  58  11:29  Gateway, Stalker x2  
  64  11:30  Stalker x2  
  64  11:33  Gateway  
  64  11:35  Pylon  
  64  11:38  Pylon  
  68  11:40  Probe x2  
  68  11:42  Pylon  
  70  11:56  Twilight Council  
  70  11:58  Pylon  
  70  12:05  Pylon  
  70  12:09  Pylon  
  70  12:12  Immortal  
  70  12:13  Pylon  
  70  12:16  Pylon  
  74  12:21  Stalker  
  74  12:22  Stalker  
  78  12:48  Protoss Ground Weapons Level 1 (Chrono Boost)  
  78  12:49  Sentry  
  80  12:51  Zealot  
  80  12:52  Zealot x2  
  80  12:53  Zealot  
  80  12:54  Zealot  
  90  13:38  Robotics Bay  
  90  14:02  Templar Archives  
  90  14:09  Pylon  
  90  14:11  Pylon  
  90  14:14  Pylon  
  90  14:20  Stalker x2  
  90  14:21  Stalker x2  
  90  14:22  Stalker x2  
  90  14:23  Stalker  
  104  14:44  Pylon  
  104  14:58  Colossus  
  110  15:17  High Templar  
  110  15:18  High Templar x3  
  110  15:19  High Templar  
  120  15:40  Protoss Ground Armor Level 1 (Chrono Boost)  
  120  15:51  Archon x2  
  120  15:59  Nexus, High Templar  
  122  16:00  High Templar  
  122  16:02  Assimilator  
  122  16:04  Assimilator  
  122  16:09  Stalker  
  126  16:10  Stalker  
  126  16:13  Colossus  
  134  16:24  Archon  
  134  17:20  Robotics Facility  
  134  17:21  Robotics Facility  
  134  17:23  Stalker  
  134  17:28  Colossus  
  142  17:52  Probe x3  
  145  18:09  Probe x2  
  147  18:43  Colossus  
  153  19:03  Pylon  
  153  19:38  Pylon  
  153  19:57  Colossus  
  159  20:16  High Templar x2  
  159  20:17  High Templar x3  
  159  20:18  High Templar  
  159  20:19  High Templar  
  173  20:36  Archon x3  
Tags
 
Add a new tag
Caveats
  • Supply blocks, unpowered buildings, or Contaminate may cause inaccurate times.
  • Supply counts are checked every 10 seconds.